 Dungeon Crawl Stone Soup version 0.28.0-43-g3370ac3207 (webtiles) character file.

Game seed: 9443793457498713520

24 zeratav the Sneak (level 2, 0/13 HPs)
             Began as a Spriggan Enchanter on Mar 31, 2022.
             Succumbed to a kobold's poison
             ... on level 1 of the Dungeon.
             The game lasted 00:04:53 (692 turns).

zeratav the Sneak (Spriggan Enchanter)               Turns: 692, Time: 00:04:53

Health: 0/13       AC:  2    Str:  4    XL:     2   Next: 79%
Magic:  0/6        EV: 17    Int: 16    God:
Gold:   11         SH:  0    Dex: 15    Spells: 4/6 levels left

rFire   . . .      SeeInvis +   e - +2 short sword (speed)
rCold   . . .      Faith    .   (no shield)
rNeg    . . .      Spirit   .   b - +0 robe
rPois   .          Reflect  .   (helmet restricted)
rElec   .          Harm     .   (no cloak)
rCorr   .          Rampage  .   (gloves unavailable)
Will    .....                   (boots unavailable)
Stlth   +++.......              (no amulet)
HPRegen 0.04/turn               (no ring)
MPRegen 0.10/turn               (no ring)

@: lethally poisoned (0 -> -7), very quick
A: very small, no large weapons, unfitting armour, see invisible, speed 3
a: no special abilities


You were on level 1 of the Dungeon.
You visited 1 branch of the dungeon, and saw 1 of its levels.

You collected 11 gold pieces.

Inventory:

Hand Weapons
 a - a +1 dagger
 e - a +2 short sword of speed (weapon)
Missiles
 d - 51 stones (quivered)
Armour
 b - a +0 robe (worn)
Jewellery
 f - an amulet of faith
Potions
 c - a potion of invisibility


   Skills:
 * Level 1.4 Short Blades
 + Level 2.8 Dodging
 + Level 5.0 Stealth
 + Level 2.7 Spellcasting
 + Level 4.0 Hexes
 * Level 0.6 Ice Magic


You had 4 spell levels left.
You knew the following spells:

 Your Spells              Type           Power      Damage    Failure   Level
a - Ensorcelled Hibernat  Hex/Ice        18%        N/A       11%         2

Your spell library contained the following spells:

 Spells                   Type           Power      Damage    Failure   Level
 Confusing Touch          Hex            15%        N/A       11%         3
 Tukima's Dance           Hex            15%        N/A       11%         3
 Dazzling Flash           Conj/Hex       16%        N/A       26%         3


Dungeon Overview and Level Annotations

Branches:
Dungeon (1/15)

Altars:


Innate Abilities, Weirdness & Mutations

You are very small and have problems with some larger weapons.
You are too small for most types of armour.
You have supernaturally acute eyesight. (SInv)
You cover ground extremely quickly. (Speed+++)


Message History

Aim: a goblin, wielding a +0 club (moderately wounded, chance to affect: 61%)
The goblin resists with significant effort.
Your magical contamination has completely faded away.
There is a stone staircase leading down here.
You start resting.
A goblin is nearby!
You start resting.
A goblin is nearby!
Casting: Ensorcelled Hibernation (safe; 11% risk of failure)
Confirm with . or Enter, or press ? or * to list all spells.
Aiming: Ensorcelled Hibernation (safe; 11% risk of failure)
Press: ? - help, Shift-Dir - straight line, f/p - goblin
Aim: a goblin, wielding a +0 club (chance to affect: 61%)
The goblin resists with significant effort.
You see here a stone.
The goblin barely misses you.
You completely miss the frilled lizard. The frilled lizard closely misses you.
You closely miss the frilled lizard. You hit the frilled lizard.
You kill the frilled lizard!
You see here a frilled lizard corpse.
The goblin completely misses you.
Casting: Ensorcelled Hibernation (safe; 11% risk of failure)
Confirm with . or Enter, or press ? or * to list all spells.
Aiming: Ensorcelled Hibernation (safe; 11% risk of failure)
Press: ? - help, Shift-Dir - straight line, f - kobold, p - goblin
Aim: a kobold, wielding a +4 short sword of venom and quivering stones (wandering, hasn't noticed you, chance to affect: 61%)
The kobold shouts!
The kobold resists with significant effort.
The kobold barely misses you.
The kobold hits you with a +4 short sword of venom.
You are lethally poisoned!
You feel sick.
* * * LOW HITPOINT WARNING * * *
You feel sick.
* * * LOW HITPOINT WARNING * * *
You feel sick.
* * * LOW HITPOINT WARNING * * *
You feel sick.
You die...

##.##...###..#
####..#...#
........#!#.## #......#
.#.##...###.# ###...##
.#.##.#.....# #...##
......###..###########
#.....
...........†.........#
#..###
...#..##############.#
#..# ....#..........>.#
#.# #..#
.$.#.###########@# #.#
#..# ..(........†...#.#
#.# #..#
..############.#.# #.#
#..### ..## #g#.# #.#
#.....
....##########.#K###.#
#.####
.............÷.g.##..#
##.####
.?.....####.....)...##
#.....† ###.##.#
#.##...#..# #..#### #
#.#
#÷#.###...#######..####


You could see a goblin and a kobold.

Vanquished Creatures
  3 bats (D:1)
  2 endoplasms (D:1)
  A giant cockroach (D:1)
  7 jackals (D:1)
  2 kobolds (D:1)
  2 ball pythons (D:1)
  2 frilled lizards (D:1)
  2 rats (D:1)
21 creatures vanquished.

Vanquished Creatures (others)
  5 plants (D:1)
5 creatures vanquished.

Grand Total: 26 creatures vanquished

Notes
Turn   | Place    | Note
-------+----------+-------------------------------------------
     0 | D:1      | zeratav the Spriggan Enchanter began the quest for the Orb.
     0 | D:1      | Reached XP level 1. HP: 9/9 MP: 5/5
   222 | D:1      | Reached XP level 2. HP: 13/13 MP: 6/6
   510 | D:1      | Learned a level 2 spell: Ensorcelled Hibernation
   585 | D:1      | Reached skill level 5 in Stealth
   692 | D:1      | Succumbed to a kobold's poison

Illustrated notes

Levels and vault maps discovered:
D:1:      wander_arrival_fairy_ring, layout_loops_ring, item_on_display_a

Skill      XL: |  1  2 |
---------------+-------+-----
Hexes          | 4 |  4.0
Stealth        | 5 |  5.0
Short Blades   | |  1.4
Dodging        | |  2.8
Spellcasting   | |  2.7
Ice Magic      | |  0.6

Action                   || total
-------------------------++-------
Melee: Dagger            ||    12
       Short sword       ||    38
       Punch             ||     1
Throw: Stone             ||     1
 Cast: Ensorcelled Hiber ||     6
 Stab: Sleeping          ||     7
Armor: Robe              ||     3
Dodge: Dodged            ||    36
